 Dungeon Crawl Stone Soup version 0.32-a0-599-gba8f9cf90e (webtiles) character file.

Game seed: 15185306273808899482

9010 bearlyready the Fetichist (level 11, -4/72 HPs)
             Began as a Coglin Hunter on Mar 2, 2024.
             Was an Initiate of Gozag.
             Slain by a manticore (10 damage)
             ... on level 10 of the Dungeon.
             The game lasted 00:13:10 (7743 turns).

bearlyready the Fetichist (Coglin Hunter)           Turns: 7743, Time: 00:13:11

Health: -4/72      AC:  8    Str:  9    XL:     11   Next: 39%
Magic:  11/11      EV: 12    Int:  9    God:    Gozag
Gold:   1496       SH:  0    Dex: 24    Spells: 10/10 levels left

rFire   . . .        w - +5 sling "Tainyvyx" {elec, rElec Str-2 Dex+2 SInv}
rCold   . . .        a - +2 sling {Theobald}
rNeg    . . .        I - +3 leather armour {Will+}
rPois   .            (no helmet)
rElec   +            K - +0 cloak
rCorr   .            (no gloves)
SInv    +            r - +0 pair of boots
Will    +....        (amulet unavailable)
Stlth   ++           (ring unavailable)
HPRegen 0.32/turn    (ring unavailable)
MPRegen 0.12/turn    (no gizmo)

%: no passive effects
@: revved
A: off-hand wielding, slow wielding, warmup strikes, no jewellery
a: Invent Gizmo, Renounce Religion, Potion Petition, Call Merchant, Bribe Branch


You were on level 10 of the Dungeon.
You worshipped Gozag.
Gozag was most pleased with you.
You visited 2 branches of the dungeon, and saw 11 of its levels.

You collected 1583 gold pieces.
You paid 87 gold pieces to Gozag.

Inventory:

Hand Weapons
 a - a +2 sling (offhand) {Theobald}
 i - a +0 whip of electrocution
 w - the +5 sling "Tainyvyx" (weapon) {elec, rElec Str-2 Dex+2 SInv}
   (You found it on level 4 of the Dungeon)

   Str-2:     It affects your strength (-2).
   Dex+2:     It affects your dexterity (+2).
   rElec:     It insulates you from electricity.
   SInv:      It lets you see invisible.
 H - a +0 orcbow
Missiles
 j - 2 throwing nets
Armour
 c - +0 steam dragon scales
 r - a +0 pair of boots (worn)
 E - the +2 ring mail "Buorchava" {Rampage Regen+ Str+4}
   (You found it on level 7 of the Dungeon)

   Str+4:     It affects your strength (+4).
   Regen+:    It increases your rate of health regeneration.
   Rampage:   It bestows one free step when moving towards enemies.
 I - a +3 leather armour of willpower (worn)
 K - a +0 cloak (worn)
Talismans
 s - a maw talisman
Wands
 n - a wand of flame (30)
 y - a wand of quicksilver (14)
 A - a wand of paralysis (3)
 J - a wand of polymorph (12)
Scrolls
 b - a scroll of butterflies
 d - 3 scrolls of noise
 e - 3 scrolls of acquirement {unknown}
 f - 7 scrolls of teleportation
 l - a scroll of enchant armour
 m - 6 scrolls of poison
 o - 2 scrolls of silence
 p - a scroll of enchant weapon {unknown}
 q - a scroll of brand weapon {unknown}
 t - a scroll of vulnerability {unknown}
 C - 2 scrolls of immolation {unknown}
 D - a scroll of identify
 G - a scroll of revelation {unknown}
Potions
 g - a potion of heal wounds {unknown}
 h - 3 potions of enlightenment {unknown}
 k - a potion of brilliance {unknown}
 u - 2 potions of invisibility {unknown}
 v - 2 potions of attraction {unknown}
 x - 2 potions of haste {unknown}
 z - 2 potions of curing {unknown}
 B - a potion of degeneration {unknown}
 F - a potion of lignification {unknown}


   Skills:
 - Level 2.0 Fighting
 + Level 12.3 Ranged Weapons
 - Level 1.7 Dodging
 - Level 0.7 Stealth
 + Level 15.1 Evocations


You had 10 spell levels left.
You didn't know any spells.
Your spell library contained the following spells:

 Spells                   Type           Power      Damage    Failure   Level
 Dazzling Flash           Conj/Hex       0%         N/A       86%         3
 Inner Flame              Hex/Fire       0%         N/A       86%         3
 Mephitic Cloud           Conj/Alch/Air  0%         N/A       86%         3
 Tukima's Dance           Hex            0%         N/A       86%         3
 Dimensional Bullseye     Hex/Tloc       0%         N/A       99%         4
 Iskenderun's Mystic Bla  Conj/Tloc      0%         2d3       99%         4
 Curse of Agony           Necr           0%         N/A       100%        5
 Irradiate                Conj/Alch      0%         3d11      100%        5
 Silence                  Hex/Air        0%         N/A       100%        5
 Ignition                 Fire           0%         3d3       100%        8


Dungeon Overview and Level Annotations

Branches:
Dungeon (10/15)            Temple (1/1) D:5            Lair (0/5) D:8
    Orc (0/2) D:9

Altars:
Ashenzari
Cheibriados
Dithmenos
Elyvilon
Fedhas
Gozag
Hepliaklqana
Kikubaaqudgha
Makhleb
Nemelex Xobeh
Okawaru
Qazlal
Ru
Sif Muna
Trog
Uskayaw
Vehumet
Wu Jian
Xom
Yredelemnul
Zin
The Shining One

Annotations:
D:4 Dowan


Innate Abilities, Weirdness & Mutations

You can wield a second weapon in your off-hand.
It takes a long time for you to wield or remove held weapons.
Your first few attacks do less damage.
You cannot equip rings or amulets.


Message History

The manticore is lightly wounded.
You shoot a sling bullet. The sling bullet hits the manticore!
The manticore is moderately wounded.
The manticore bites you! The manticore completely misses you.
The manticore claws you!
Fire: w) +5 sling "Tainyvyx" {elec, rElec Str-2 Dex+2 SInv}
Press: ? - help, Q - select action, (/) - cycle Shift-Dir - straight line, f/p - manticore
Aim: a manticore (moderately wounded, 80% to hit)
You shoot a sling bullet. The sling bullet hits the manticore!
The manticore is heavily wounded.
You shoot a sling bullet. The sling bullet hits the manticore!
The manticore is severely wounded.
The manticore bites you! The manticore misses you.
The manticore closely misses you.
Fire: w) +5 sling "Tainyvyx" {elec, rElec Str-2 Dex+2 SInv}
Press: ? - help, Q - select action, (/) - cycle Shift-Dir - straight line, f/p - manticore
Aim: a manticore (severely wounded, 80% to hit)
You shoot a sling bullet.
The sling bullet hits the manticore but does no damage.
The manticore is severely wounded.
You shoot a sling bullet.
The sling bullet barely misses the manticore.
The manticore bites you! The manticore closely misses you.
The manticore claws you.
* * * LOW HITPOINT WARNING * * *
Fire: w) +5 sling "Tainyvyx" {elec, rElec Str-2 Dex+2 SInv}
Press: ? - help, Q - select action, (/) - cycle Shift-Dir - straight line, f/p - manticore
Aim: a manticore (severely wounded, 80% to hit)
You shoot a sling bullet.
The sling bullet barely misses the manticore.
You shoot a sling bullet. The sling bullet hits the manticore.
The manticore is almost dead.
You carefully extract the barbed spikes from your body.
The manticore bites you.
* * * LOW HITPOINT WARNING * * *
The manticore claws you!
* * * LOW HITPOINT WARNING * * *
The manticore claws you!
You die...
Your body crumbles into a pile of gold.

#....# #....#
#....##### .
#....#...# ..
#....#...# ...
#..<.'...# ....
#....#...# .....
#....+...#......
#....#..@H...#
#............#
#....#####...#
#....# ...#
#....# ..# #..
..# #.. .# ##


You could see a manticore.

Vanquished Creatures
  Erica (D:8)
  A two-headed ogre (D:9)
  A deep elf pyromancer (D:9)
  Maurice (D:8)
  Joseph (D:8)
  Maggie (D:9)
  A komodo dragon (D:8)
  2 polar bears (D:8)
  Grinder (D:4)
  A vampire (D:9)
  Sigmund (D:5)
  A basilisk (D:8)
  A yak (D:8)
  A wyvern (D:9)
  A steam dragon (D:7)
  Edmund (D:5)
  Duvessa (D:4)
  An acid dragon (D:8)
  2 black bears
  5 ice beasts
  5 orc warriors
  2 sky beasts (D:8)
  2 wolves (D:8)
  4 centaurs
  4 ogres
  3 phantoms (D:5)
  A gnoll sergeant (D:7)
  2 bullfrogs
  3 scorpions
  5 wights (D:7)
  4 howler monkeys
  5 bombardier beetles
  3 jellies
  4 hounds
  4 orc priests
  3 sleepcaps
  Jessica (D:2)
  7 iguanas
  Natasha (D:3)
  A statue (D:7)
  A centaur simulacrum (D:8)
  12 adders
  20 gnolls
  4 white imps
  3 ufetubi
  2 dart slugs
  2 ribbon worms
  42 orcs
  3 endoplasms
  4 giant cockroaches
  9 hobgoblins
  11 jackals
  4 kobolds
  6 quokkas
  5 ball pythons
  4 bats
  2 frilled lizards
  12 goblins
  4 rats
240 creatures vanquished.

Vanquished Creatures (others)
  An arcanist (D:9)
1 creature vanquished.

Grand Total: 241 creatures vanquished

Notes
Turn   | Place    | Note
-------+----------+-------------------------------------------
     0 | D:1      | bearlyready the Coglin Hunter began the quest for the Orb.
     0 | D:1      | Reached XP level 1. HP: 16/16 MP: 1/1
   102 | D:1      | Reached XP level 2. HP: 22/22 MP: 2/2
   205 | D:1      | Reached XP level 3. HP: 27/27 MP: 3/3
   909 | D:2      | Reached skill level 5 in Ranged Weapons
   909 | D:2      | Reached XP level 4. HP: 23/33 MP: 4/4
  1105 | D:2      | Noticed Jessica
  1108 | D:2      | Killed Jessica
  1109 | D:2      | Reached XP level 5. HP: 38/38 MP: 5/5
  1782 | D:3      | Reached skill level 1 in Evocations
  1973 | D:3      | Reached skill level 2 in Evocations
  1991 | D:3      | Reached XP level 6. HP: 44/44 MP: 6/6
  2201 | D:3      | Reached skill level 3 in Evocations
  2522 | D:3      | Noticed Natasha
  2542 | D:3      | Killed Natasha
  2739 | D:4      | Noticed Duvessa
  2739 | D:4      | Noticed Dowan
  2778 | D:4      | Found a hide-covered altar of Uskayaw.
  2812 | D:4      | Reached skill level 4 in Evocations
  2857 | D:4      | Reached XP level 7. HP: 50/50 MP: 7/7
  2899 | D:4      | Identified the +5 sling "Tainyvyx" {elec, rElec Str-2 Dex+2
                  | SInv}
  2929 | D:4      | Reached skill level 5 in Evocations
  3006 | D:4      | Reached skill level 6 in Evocations
  3039 | D:4      | Killed Duvessa
  3040 | D:4      | Reached XP level 8. HP: 16/56 MP: 8/8
  3323 | D:4      | Noticed Grinder
  3326 | D:4      | Paralysed by Grinder for 3 turns
  3333 | D:4      | Killed Grinder
  3334 | D:4      | Reached skill level 7 in Evocations
  3458 | D:5      | Entered Level 5 of the Dungeon
  3587 | D:5      | Reached skill level 8 in Evocations
  3607 | D:5      | Found a hazy altar of Hepliaklqana.
  3609 | D:5      | Found a sacrificial altar of Ru.
  3659 | D:5      | Noticed Sigmund
  3662 | D:5      | Killed Sigmund
  3663 | D:5      | Reached skill level 9 in Evocations
  3663 | D:5      | Reached XP level 9. HP: 61/61 MP: 9/9
  3707 | D:5      | Found a staircase to the Ecumenical Temple.
  3725 | Temple   | Entered the Ecumenical Temple
  3740 | Temple   | Became a worshipper of Gozag Ym Sagoz the Greedy
  4184 | D:5      | Noticed Edmund
  4191 | D:5      | Reached skill level 10 in Evocations
  4192 | D:5      | Killed Edmund
  4964 | D:7      | Reached skill level 11 in Evocations
  5074 | D:7      | Reached skill level 10 in Ranged Weapons
  5193 | D:7      | Found a shimmering altar of Xom.
  5463 | D:7      | Identified the +2 ring mail "Buorchava" {Rampage Regen+
                  | Str+4}
  5474 | D:7      | Reached XP level 10. HP: 53/67 MP: 10/10
  5639 | D:7      | Found a basalt altar of Yredelemnul.
  5681 | D:7      | Found a radiant altar of Vehumet.
  5718 | D:7      | Reached skill level 12 in Evocations
  6091 | D:8      | Found a staircase to the Lair.
  6108 | D:8      | Reached skill level 13 in Evocations
  6231 | D:8      | Found a glowing golden altar of the Shining One.
  6312 | D:8      | Found a blossoming altar of Fedhas.
  6413 | D:8      | Noticed Joseph
  6421 | D:8      | Killed Joseph
  6473 | D:8      | Noticed Erica
  6475 | D:8      | Noticed Maurice
  6576 | D:8      | Killed Erica
  6577 | D:8      | Reached skill level 14 in Evocations
  6577 | D:8      | Reached XP level 11. HP: 70/72 MP: 11/11
  6592 | D:8      | Killed Maurice
  6851 | D:9      | Noticed a two-headed ogre
  6859 | D:9      | Killed a two-headed ogre
  6918 | D:9      | Noticed Maggie
  6924 | D:9      | Killed Maggie
  7055 | D:9      | Noticed a deep elf pyromancer
  7066 | D:9      | Killed a deep elf pyromancer
  7334 | D:9      | Found a bloodstained altar of Trog.
  7378 | D:9      | Noticed a wizard
  7380 | D:9      | Killed a wizard
  7460 | D:9      | Reached skill level 15 in Evocations
  7542 | D:9      | Found a staircase to the Orcish Mines.
  7731 | D:10     | Entered Level 10 of the Dungeon
  7737 | D:10     | Noticed a manticore
  7743 | D:10     | Slain by a manticore

Illustrated notes

Levels and vault maps discovered:
D:1:      onia_arrival_mini_maze_b, layout_basic, nrook_uturn, minmay_ruptured
D:2:      wad_lake_hut, layout_loops_ring, uniq_jessica
D:3:      layout_loops_ring, uniq_natasha
D:4:      layout_rooms, lemuel_coloured_pillars_altar, uniq_grinder,
          uniq_duvessa
D:5:      minmay_chambers_of_threes, layout_rooms,
          chequers_temple_overflow_statue_of_worship,
          minmay_temple_entry_nine_rooms, uniq_edmund, uniq_sigmund
D:6:      layout_gridville
D:7:      layout_rooms, tgw_xom, vehumet_statue, mainiacjoe_overflow_alcove_2
D:8:      layout_rooms, mainiacjoe_overflow_brackets, amcnicky_altar_gilded,
          david_lair_shrubbed, serial_ice, serial_ice_a, serial_ice_i,
          serial_ice_e, serial_ice_b, serial_ice_f, serial_ice_h, serial_ice_g,
          serial_ice_m, serial_ice_o, serial_ice_d, uniq_erica, uniq_maurice,
          uniq_joseph
D:9:      layout_rooms, trog_wizard, david_orc_4, due_unseen_surprise,
          uniq_maggie
D:10:     layout_grid_maze, fungi_pond_lemuel, uniq_lodul
Temple:   dshaligram_water_room_temple

Skill      XL: |  1  2  3  4  5  6  7  8  9 10 11 |
---------------+----------------------------------+-----
Ranged Weapons | 4 5 6 7 8 10 11 12 | 12.3
Evocations     | 2 4 6 9 11 14 15 | 15.1
Fighting       | |  2.0
Dodging        | |  1.7
Stealth        | |  0.7

Action                     |  1- 3 |  4- 6 |  7- 9 | 10-12 || total
---------------------------+-------+-------+-------+-------++-------
   Fire: Sling             |   128 |   332 |   398 |   410 ||  1268
  Evoke: Wand              |       |     1 |     9 |     3 ||    13
    Use: Scroll            |       |       |     5 |       ||     5
 Armour: Leather armour    |    11 |    31 |    39 |    21 ||   102
         Ring mail         |       |       |       |    14 ||    14
  Dodge: Dodged            |    13 |    30 |    21 |    20 ||    84

Table legend: (Time is in decaauts)
 A = Elapsed time spent in this place.
 B = Non-inter-level travel time spent in this place.
 C = Inter-level travel time spent in this place.
 D = Time resting spent in this place.
 E = Time spent auto-exploring this place.
 F = Levels seen in this place.
 G = Mean time per level.
                   A        B        C        D        E       F      G
               +--------+--------+--------+--------+--------+-----+--------+
         Total |   7833 |   7498 |    335 |    269 |   5847 |  11 |  712.1 |
       Dungeon |   7804 |   7482 |    322 |    269 |   5847 |  10 |  780.4 |
        Temple |     28 |     16 |     12 |      0 |      0 |   1 |   28.0 |
               +--------+--------+--------+--------+--------+-----+--------+

Top non-repeatable levels by time:
     D:3: 1036 daAuts
     D:7: 1007 daAuts
     D:8: 994 daAuts
     D:2: 973 daAuts
     D:1: 873 daAuts
     D:5: 799 daAuts
     D:9: 758 daAuts
     D:4: 680 daAuts
     D:6: 671 daAuts
  Temple: 28 daAuts
    D:10: 10 daAuts
